 Dungeon Crawl Stone Soup version 0.24.0-2-g5b39cebb1c (webtiles) character file.

Game seed: 5632493077570407574, levelgen mode: deterministic

8068 Mrkan the Cleaver (level 11, 0/99 HPs)
             Began as a Minotaur Fighter on Oct 31, 2019.
             Was a Believer of Makhleb.
             Succumbed to a spiny frog's poison
             ... on level 1 of the Lair of Beasts on Nov 1, 2019.
             The game lasted 00:15:54 (7689 turns).

Mrkan the Cleaver (Minotaur Fighter)                Turns: 7689, Time: 00:15:55

Health: 0/99       AC: 14    Str: 22    XL:     11   Next: 5%
Magic:  10/10      EV: 11    Int:  5    God:    Makhleb [**....]
Gold:   445        SH: 12    Dex: 17    Spells: 10/10 levels left

rFire    . . .     SeeInvis .   a - +1 war axe
rCold    + . .     Gourm    .   c - +0 shield
rNeg     . . .     Faith    .   v - +0 plate armour
rPois    .         Spirit   .   (helmet restricted)
rElec    .         Reflect  .   C - scarf {repulsion}
rCorr    .         Harm     .   (no gloves)
MR       .....                  (no boots)
Stlth    ..........             b - amulet of the acrobat
HPRegen  0.26/turn              w - ring of protection from cold
MPRegen  0.12/turn              (no ring)

@: agile, lethally poisoned (0 -> -34), repel missiles
A: retaliatory headbutt, horns 2
a: Minor Destruction, Renounce Religion


You were on level 1 of the Lair of Beasts.
You worshipped Makhleb.
Makhleb was pleased with you.
You were not hungry.

You visited 3 branches of the dungeon, and saw 12 of its levels.

You collected 535 gold pieces.
You spent 90 gold pieces at shops.

Inventory:

Hand Weapons
 a - a +1 war axe (weapon)
 g - the +6 mace of the Wilderness {vamp, rF+++ Int-4 Dex+7}
   (You found it on level 7 of the Dungeon)

   It inflicts no extra harm, but heals its wielder when it wounds a living foe.
   It affects your intelligence (-4).
   It affects your dexterity (+7).
   It renders you almost immune to fire.
Armour
 c - a +0 shield (worn)
 v - a +0 plate armour (worn)
 C - a scarf of repulsion (worn)
Jewellery
 b - an amulet of the acrobat (around neck)
 w - a ring of protection from cold (left hand)
Wands
 x - a wand of random effects (15)
 z - a wand of disintegration (8)
Scrolls
 d - 2 scrolls of enchant weapon
 h - 3 scrolls of identify
 i - a scroll of amnesia
 l - 9 scrolls of remove curse
 p - 7 scrolls of teleportation
 r - 3 scrolls of fog
 G - a scroll of enchant armour
Potions
 e - 2 potions of lignification {unknown}
 j - 2 potions of resistance
 m - 2 potions of agility
 n - 2 potions of cancellation
 o - a potion of heal wounds {unknown}
 u - 3 potions of haste {unknown}
 A - a potion of magic {unknown}
 D - 2 potions of invisibility {unknown}
 F - a potion of berserk rage {unknown}
Comestibles
 f - 28 rations
 H - 5 chunks of flesh


   Skills:
 + Level 9.9 Fighting
 * Level 12.7 Axes
 + Level 9.8 Armour
 + Level 9.9 Shields


You had 10 spell levels left.
You didn't know any spells.
Your spell library contained the following spells:

 Spells                   Type           Power        Failure   Level  Hunger
 Magic Dart               Conj           #...         100%        1    ##.....
 Blink                    Tloc           N/A          100%        2    ###....
 Call Imp                 Summ           #.......     100%        2    ###....
 Slow                     Hex            #.......     100%        2    ###....
 Conjure Flame            Conj/Fire      #.......     100%        3    ####...
 Mephitic Cloud           Conj/Pois/Air  #.......     100%        3    ####...


Dungeon Overview and Level Annotations

Branches:
Dungeon (10/15)            Temple (1/1) D:6            Lair (1/6) D:9
    Orc (0/2) D:9

Altars:
Ashenzari
Cheibriados
Dithmenos
Elyvilon
Fedhas
Hepliaklqana
Kikubaaqudgha
Makhleb
Nemelex Xobeh
Qazlal
Uskayaw
Vehumet
Wu Jian
Xom
The Shining One

Shops:
D:5 [   D:8 ?*%}

Annotations:
D:3 2 runed translucent doors, Froggeryz's ghost, weakling NaAr


Innate Abilities, Weirdness & Mutations

You reflexively headbutt those who attack you in melee.
You have a pair of horns on your head.


Message History

You slash the wight!
You destroy the wight!
Makhleb accepts your kill.
You feel better.
You slash the ogre! You slash the spiny frog!
The ogre hits you but does no damage. The spiny frog stings you!
* * * LOW HITPOINT WARNING * * *
You are poisoned.
The spiny frog poisons you!
You slash the ogre!
You kill the ogre!
Makhleb accepts your kill.
You hit the spiny frog but do no damage.
You feel sick. The spiny frog stings you!
* * * LOW HITPOINT WARNING * * *
You are more poisoned.
The spiny frog poisons you! You block the spiny frog's attack.
You hit the spiny frog but do no damage.
You headbutt the spiny frog!
The spiny frog is heavily wounded.
You die...

#.. ...
....
.....## ##
.....#.#P##
..........#
......)...#
#.....F@..#
#.....).).#
##.)......#
#.........#
##........#
#........#
##P###.#.#
## #####


You could see a spiny frog.

Vanquished Creatures
  2 two-headed ogres (D:8)
  A death yak (D:9)
  Pikel (D:4)
  A troll (D:9)
  2 hornets (D:8)
  A hippogriff (D:8)
  Eustachio (D:5)
  2 soldier ants (D:8)
  Duvessa (D:3)
  3 orc warriors (D:9)
  A sky beast (D:6)
  2 hornet zombies
  2 phantoms
  2 ice beasts
  13 ogres
  A necrophage (D:6)
  3 centaurs
  5 bullfrogs
  2 gnoll sergeants (D:9)
  Dowan (D:3)
  A water moccasin zombie (D:6)
  2 scorpions (D:4)
  2 wights (Lair:1)
  2 howler monkeys
  A bullfrog zombie (D:6)
  2 centaur zombies
  4 crimson imps
  2 hounds
  A jelly (D:8)
  A gnoll shaman (D:5)
  A bullfrog skeleton (D:4)
  2 orc priests
  5 orc wizards
  2 centaur skeletons (D:4)
  2 iguanas (D:7)
  A hell rat (Lair:1)
  3 worker ants
  A hound zombie (D:7)
  2 hound skeletons
  A mummy (D:5)
  3 worker ant zombies
  4 adders
  10 gnolls
  A shadow imp (D:6)
  An ooze (D:5)
  An adder skeleton (D:7)
  3 worms
  3 leopard geckos
  23 orcs
  8 giant cockroaches
  6 hobgoblins
  8 jackals
  13 kobolds
  8 quokkas
  2 ball pythons
  2 bats (D:1)
  7 frilled lizards
  5 goblins
  A hobgoblin zombie (D:5)
  3 kobold zombies (D:5)
  A quokka skeleton (D:4)
  6 rats
204 creatures vanquished.

Vanquished Creatures (others)
  A slave (D:4)
  An adder (D:4)
  A plant (Lair:1)
3 creatures vanquished.

Grand Total: 207 creatures vanquished

Notes
Turn   | Place    | Note
-------+----------+-------------------------------------------
     0 | D:1      | Mrkan the Minotaur Fighter began the quest for the Orb.
     0 | D:1      | Reached XP level 1. HP: 19/19 MP: 0/0
   132 | D:1      | Reached XP level 2. HP: 24/27 MP: 1/1
   196 | D:1      | Reached skill level 3 in Axes
   683 | D:2      | Reached XP level 3. HP: 26/33 MP: 2/2
   844 | D:2      | Reached XP level 4. HP: 40/40 MP: 3/3
  1842 | D:3      | Found a runed translucent door.
  1843 | D:3      | Noticed Froggeryz's ghost (weakling NaAr)
  1866 | D:3      | Reached skill level 4 in Axes
  1877 | D:3      | Found a runed translucent door.
  1879 | D:3      | Noticed a bullfrog
  2196 | D:4      | Noticed Duvessa
  2196 | D:4      | Noticed Dowan
  2203 | D:4      | Noticed an ogre
  2214 | D:3      | Killed Duvessa
  2214 | D:3      | Reached XP level 5. HP: 10/47 MP: 4/4
  2215 | D:3      | Killed Dowan
  2215 | D:3      | Reached skill level 5 in Axes
  2582 | D:4      | Killed an ogre
  2582 | D:4      | Reached skill level 5 in Fighting
  2582 | D:4      | Reached skill level 5 in Armour
  2582 | D:4      | Reached skill level 5 in Shields
  2582 | D:4      | Reached XP level 6. HP: 56/56 MP: 5/5
  2742 | D:4      | Noticed a slave
  2742 | D:4      | Noticed a slave
  2743 | D:4      | Noticed Pikel
  2744 | D:4      | Noticed a slave
  2746 | D:4      | Noticed a slave
  2776 | D:4      | Killed Pikel
  2776 | D:4      | Reached skill level 7 in Axes
  2776 | D:4      | Reached XP level 7. HP: 32/63 MP: 6/6
  3210 | D:5      | Entered Level 5 of the Dungeon
  3240 | D:5      | Reached XP level 8. HP: 62/70 MP: 7/7
  3553 | D:5      | Found Dopher's Antique Armour Emporium.
  4012 | D:5      | Reached skill level 8 in Axes
  4428 | D:5      | Noticed Eustachio
  4443 | D:5      | Killed Eustachio
  4709 | D:6      | Reached skill level 9 in Axes
  4991 | D:6      | Reached XP level 9. HP: 78/79 MP: 8/8
  5335 | D:6      | Found a staircase to the Ecumenical Temple.
  5492 | Temple   | Entered the Ecumenical Temple
  5545 | Temple   | Became a worshipper of Makhleb the Destroyer
  5680 | D:7      | Reached skill level 10 in Axes
  5692 | D:7      | Got a jewelled mace
  5693 | D:7      | Identified the +6 mace of the Wilderness {vamp, rF+++ Int-4
                  | Dex+7} (You found it on level 7 of the Dungeon)
  6057 | D:8      | Found Eleaqid's Food Shoppe.
  6118 | D:8      | Found Itikh's Gadget Shoppe.
  6200 | D:8      | Reached * piety under Makhleb
  6524 | D:8      | Reached skill level 11 in Axes
  6524 | D:8      | Reached XP level 10. HP: 36/90 MP: 9/9
  6699 | D:8      | Noticed a two-headed ogre
  6707 | D:8      | Killed a two-headed ogre
  6735 | D:8      | Noticed a two-headed ogre
  6750 | D:8      | Killed a two-headed ogre
  6752 | D:8      | Found Gyisk's Assorted Antiques.
  6755 | D:8      | Found Xiagaefi's Magic Scroll Shoppe.
  7098 | D:8      | Bought a scroll of enchant armour for 90 gold pieces
  7298 | D:9      | Reached skill level 12 in Axes
  7327 | D:9      | Found a staircase to the Orcish Mines.
  7547 | D:9      | Reached ** piety under Makhleb
  7635 | D:9      | Noticed a death yak
  7635 | D:9      | Noticed a death yak
  7647 | D:9      | Noticed a death yak
  7664 | D:9      | Killed a death yak
  7664 | D:9      | Reached XP level 11. HP: 75/99 MP: 10/10
  7669 | D:9      | You fall into a shaft and drop 1 floor!
  7669 | D:10     | Entered Level 10 of the Dungeon
  7676 | D:9      | Found a staircase to the Lair.
  7682 | Lair:1   | Entered Level 1 of the Lair of Beasts
  7688 | Lair:1   | HP: 3/99 [spiny frog (11)]
  7689 | Lair:1   | Succumbed to a spiny frog's poison

Levels and vault maps discovered:
D:1:      lemuel_arrival_muddy, layout_basic
D:2:      layout_basic
D:3:      layout_basic, ebering_ghost_sewer_f, minmay_misc_feat_nine_boxes
D:4:      layout_cave_pools, first_ration, uniq_duvessa, uniq_pikel
D:5:      layout_loops_corners, serial_shops, nicolae_shop_waterfront,
          minmay_mini_ossuary, uniq_eustachio
D:6:      layout_rooms, temple_statues
D:7:      layout_cave_pools
D:8:      layout_rooms, serial_shops, shop, nicolae_shop_statue_plus, shop,
          shop, hangedman_pestilent_swarm
D:9:      dragon1_lemuel, layout_grid_maze, minitemple, dpeg_lair_monsters,
          kennysheep_orc_monster_closet_entryway
D:10:     layout_cave_pools, serial_gnoll_camp, gnoll_camp_mini_doghouse,
          gnoll_camp_mini_shop, gnoll_camp_mini_shop, gnoll_camp_mini_shop
Temple:   eino_wide_crystal_templ
Lair:1:   dpeg_oklob_gauntlet, layout_small_grid, minmay_lair_oklob_items,
          nzn_random_ring, uniq_gastronok

Skill      XL: |  1  2  3  4  5  6  7  8  9 10 |
---------------+-------------------------------+-----
Axes           | 3 4 5 7 9 11 12 | 12.7
Shields        | 4 5 6 7 8 9 |  9.9
Fighting       | 4 5 6 7 8 9 |  9.9
Armour         | 4 5 6 7 8 9 |  9.8

Action                   |  1- 3 |  4- 6 |  7- 9 | 10-12 || total
-------------------------+-------+-------+-------+-------++-------
Melee: War axe           |    62 |   106 |   273 |    39 ||   480
       Headbutt          |     6 |    26 |    74 |    42 ||   148
       Mace              |       |       |     8 |   111 ||   119
  Use: Potion            |       |     1 |       |     6 ||     7
       Scroll            |       |       |     6 |     9 ||    15
  Eat: Chunk             |       |     5 |    13 |     4 ||    22
Armor: Scale mail        |    63 |    40 |    19 |       ||   122
       Plate armour      |       |       |    86 |    72 ||   158
Dodge: Dodged            |    27 |    28 |    53 |    51 ||   159
       Deflected         |       |       |       |     1 ||     1
Block: Shield            |    43 |    58 |   144 |   125 ||   370
